 Seeded DCSS version 0.30.1-6-gbe392663c4 (webtiles) character file.

Game seed: 15265865335305158418 (custom seed)

19 Psyclone the Sneak (level 2, 19/19 HPs)
             Began as an Octopode Warper on Sept 21, 2023.
             Quit the game on level 1 of the Dungeon.
             The game lasted 00:04:55 (543 turns).

Psyclone the Sneak (Octopode Warper)                 Turns: 543, Time: 00:04:56

Health: 19/19      AC:  1    Str: 10    XL:     2   Next: 75%
Magic:  5/5        EV: 13    Int: 15    God:
Gold:   17         SH:  0    Dex: 11    Spells: 5/5 levels left

rFire   . . .        a - +0 short sword
rCold   . . .        (no shield)
rNeg    . . .        (helmet restricted)
rPois   .            (no amulet)
rElec   .            (no ring)
rCorr   .            (no ring)
SInv    .            (no ring)
Will    .....        (no ring)
Stlth   +++          (no ring)
HPRegen 0.23/turn    (no ring)
MPRegen 0.09/turn    (no ring)
                     (no ring)

%: no passive effects
@: no status effects
A: almost no armour, amphibious, 8 rings, camouflage 1, gelatinous body 1,
(nimble swimmer 1), tentacles
a: no special abilities


You were on level 1 of the Dungeon.
You visited 1 branch of the dungeon, and saw 1 of its levels.

You collected 17 gold pieces.

Inventory:

Hand Weapons
 a - a +0 short sword (weapon)
Missiles
 c - 7 boomerangs of dispersal (quivered)
Scrolls
 b - 2 scrolls of blinking
 f - a scroll of noise {unknown}
 g - a scroll of amnesia {unknown}
 h - a scroll of teleportation {unknown}
 i - a scroll of enchant weapon {unknown}
Potions
 d - a potion of curing {unknown}
 e - a potion of berserk rage {unknown}
 j - a potion of brilliance {unknown}


   Skills:
 - Level 2.0 Fighting
 - Level 2.0 Short Blades
 - Level 1.0 Throwing
 - Level 2.3 Dodging
 + Level 3.2 Stealth
 - Level 2.0 Spellcasting
 - Level 3.0 Translocations


You had 5 spell levels left.
You didn't know any spells.
Your spell library contained the following spells:

 Spells                   Type           Power      Damage    Failure   Level
 Blink                    Tloc           20%        N/A       10%         2
 Lesser Beckoning         Tloc           20%        N/A       10%         2
 Gell's Gravitas          Tloc           10%        N/A       19%         3
 Teleport Other           Tloc           10%        N/A       19%         3
 Sandblast                Erth           2%         2d4       22%         1
 Passwall                 Tmut/Erth      0%         N/A       32%         2
 Poisonous Vapours        Pois/Air       2%         N/A       32%         2
 Vhi's Electric Charge    Tloc/Air       12%        N/A       34%         3
 Mephitic Cloud           Conj/Pois/Air  1%         N/A       54%         3
 Stone Arrow              Conj/Erth      2%         3d7       54%         3
 Manifold Assault         Tloc           10%        N/A       54%         4
 Freezing Cloud           Conj/Ice/Air   0%         6-21      99%         5


Dungeon Overview and Level Annotations

Branches:
Dungeon (1/15) Zot: 5459

Altars:


Innate Abilities, Weirdness & Mutations

You cannot wear most types of armour.
You are amphibious.
You can wear up to eight rings at the same time.
Your skin changes colour to match your surroundings (Stealth+).
Your rubbery body absorbs attacks. (AC +1, EV +1)
((You are camouflaged when in or above water. (Stealth+)))
You have tentacles for arms and can constrict up to eight enemies at once.


Message History

You pick up a book of Geomancy and begin reading...
You add the spells Sandblast, Passwall and Stone Arrow to your library.
Found a sling.
You open the door.
There is an open door here.
Found a stone staircase leading down.
An endoplasm comes into view.
The endoplasm quivers.
You hit the endoplasm.
The endoplasm is almost dead.
The endoplasm hits you.
You take 3 damage, and have 16/19 hp.
You hit the endoplasm but do no damage. You squeeze the endoplasm.
You kill the endoplasm!
You open the door.
Found 5 stones.
Found a stone staircase leading down.
There is an open door here.
Okay, then.
You don't know any spells.
Unknown command.
Health restored: 19
There is a stone staircase leading down here.
Found a whip.
Found a leather armour.
A ball python comes into view.
Found a smoky emerald potion.
Found a scroll labelled UNGAEN QOERRUSS.
The helpless ball python fails to defend itself.
You puncture the ball python!
You kill the ball python!
j - a smoky emerald potion
k - a scroll labelled UNGAEN QOERRUSS This is a scroll of acquirement!
You see here a book of Vapours.
Something appears before you!
You pick up a book of Vapours and begin reading...
You add the spells Poisonous Vapours, Mephitic Cloud and Freezing Cloud to your library.
Okay, then.
Unknown command.
Are you sure you want to abandon this character and quit the game? (Confirm with "yes".)

########## #######
#........###### #......
#.#.).........# #......
#.#.####.#....# #......
#.#.###.......# #......
#.#...........# #......
#.####........# #...... #.#
#......@.# #).....
####>####.#[#........#######.#..
##.......#.#.#........##....).#..
.........#.#..........##.#######.
.........#[###........##.#.......
......(..#............##.#.######
.........# #...#########.# ....
.........###.............# ####
...##'####........########


There were no monsters in sight!

Vanquished Creatures
  A dart slug (D:1)
  A ball python (D:1)
  2 bats (D:1)
  2 endoplasms (D:1)
  3 hobgoblins (D:1)
  2 kobolds (D:1)
  A quokka (D:1)
  3 rats (D:1)
15 creatures vanquished.

Notes
Turn   | Place    | Note
-------+----------+-------------------------------------------
     0 | D:1      | Psyclone the Octopode Warper began the quest for the Orb.
     0 | D:1      | Reached XP level 1. HP: 14/14 MP: 3/3
   101 | D:1      | Reached skill level 1 in Stealth
   105 | D:1      | Reached XP level 2. HP: 13/19 MP: 5/5
   539 | D:1      | Identified a scroll of acquirement
   539 | D:1      | Acquired a book of Vapours
   543 | D:1      | Quit the game

Illustrated notes

Levels and vault maps discovered:
D:1:      minmay_arrival_four_loops, layout_basic, chequers_serial_rivers_marsh,
          minivault_4

Skill      XL: |  1  2 |
---------------+-------+-----
Stealth        | 2 3 |  3.2
Fighting       | |  2.0
Short Blades   | |  2.0
Throwing       | |  1.0
Dodging        | |  2.3
Spellcasting   | |  2.0
Translocations | |  3.0

Action                     || total
---------------------------++-------
  Melee: Short sword       ||    26
         Tentacles         ||     6
         Constrict         ||     4
    Use: Scroll            ||     2
   Stab: Sleeping          ||     7
  Dodge: Dodged            ||     8
